AoeStats
← Atlas

Arena

506054625Analyzed
4v4 RM · 19d ago on Sep 12, 2026· 61m 5s· 8 players
Game mode
Random Map
Map size
Large (8 player)
Population
200
Speed
Normal
Resources
Standard
Victory
Conquest
Starting age
Dark Age
Ending age
Imperial Age
RankedLock teamsTeams togetherTeam positionsShared explorationLock speedFull tech treeHidden civsTurbo modeCheats
Victory
Defeat
🇸🇪 Teutons · Sweden
778
+14
🇨🇳 Franks · China
767
+15
🇨🇳 Cumans · China
762
+15
🇹🇼 Tupi · Taiwan
698
+17
🇦🇷 Huns · Argentina
816
-19
🇻🇳 Vietnamese · Vietnam
752
-16
🇻🇳 Gurjaras · Vietnam
692
-13
🇺🇸 Ethiopians · United States
679
-13
aakdv
11:09 Feudal Age
11:45 Double-Bit Axe
18:54 Castle Age
17:46 Horse Collar
17:57 Stone Mining
20:38 Bow Saw
20:53 Loom
21:54 Heavy Plow
22:39 Wheelbarrow
24:26 Gold Mining
27:02 Gold Shaft Mining
31:47 Hand Cart
37:57 Imperial Age
35:52 Treadmill Crane
36:10 Murder Holes
38:10 Elite Blackwood Archer
38:56 Curare
38:57 Caciques
38:24 Capped Ram
44:31 Siege Ram
44:45 Elite Ibirapema Warrior
56:55 Scale Mail Armor
57:07 Forging
57:06 Padded Archer Armor
57:32 Ballistics
57:02 Heated Shot
57:04 Arson
57:20 Squires
sup-cc
10:47 Feudal Age
15:41 Double-Bit Axe
17:32 Horse Collar
21:58 Castle Age
21:18 Scale Barding Armor
22:14 Gold Mining
25:06 Wheelbarrow
24:20 Loom
24:26 Light Cavalry
25:33 Heavy Plow
26:15 Town Watch
28:00 Murder Holes
29:23 Bloodlines
29:46 Stone Mining
32:25 Hand Cart
34:09 Gold Shaft Mining
36:46 Imperial Age
34:30 Forging
35:24 Steppe Husbandry
36:21 Town Patrol
36:33 Pikeman
37:14 Squires
39:15 Chemistry
38:30 Scale Mail Armor
38:17 Cavalier
39:35 Ballistics
39:15 Hussar
40:18 Caravan
42:01 Paladin
43:30 Bow Saw
43:41 Chain Mail Armor
44:36 Arson
46:26 Chain Barding Armor
46:41 Iron Casting
45:57 Fletching
47:26 Masonry
47:54 Plate Barding Armor
48:24 Two-Man Saw
47:12 Elite Steppe Lancer
50:05 Blast Furnace
51:13 Halberdier
52:31 Plate Mail Armor
51:57 Bodkin Arrow
52:03 Padded Archer Armor
59:32 Leather Archer Armor
依文12345
0:59 Loom
12:59 Feudal Age
13:14 Man-at-Arms
13:40 Arson
14:20 Double-Bit Axe
24:07 Castle Age
23:07 Stone Mining
24:15 Pikeman
26:39 Bow Saw
27:56 Gold Mining
29:37 Wheelbarrow
33:47 Imperial Age
32:54 Fortified Wall
33:31 Squires
32:51 Long Swordsman
33:17 Gambesons
34:32 Masonry
34:17 Murder Holes
34:06 Elite Skirmisher
35:59 Capped Ram
37:25 Husbandry
36:49 Cavalier
37:55 Conscription
38:23 Hand Cart
40:35 Gold Shaft Mining
41:36 Onager
43:31 Chivalry
43:47 Forging
43:42 Scale Barding Armor
43:38 Scale Mail Armor
44:10 Ballistics
44:22 Architecture
44:22 Paladin
45:45 Light Cavalry
48:09 Chain Barding Armor
48:25 Iron Casting
48:05 Chain Mail Armor
49:19 Halberdier
50:23 Heavy Scorpion
54:16 Siege Engineers
55:21 Plate Barding Armor
55:18 Plate Mail Armor
57:14 Chemistry
Trollslaendan
3:54 Loom
13:32 Feudal Age
19:17 Castle Age
21:56 Squires
21:17 Pikeman
22:11 Forging
22:01 Scale Mail Armor
22:29 Double-Bit Axe
22:27 Horse Collar
27:24 Heavy Plow
27:28 Gold Mining
28:12 Stone Mining
34:24 Imperial Age
33:09 Iron Casting
32:50 Chain Mail Armor
33:57 Ironclad
33:52 Bloodlines
34:08 Fletching
34:19 Padded Archer Armor
34:24 Scale Barding Armor
34:34 Bow Saw
34:41 Caravan
35:11 Coinage
35:26 Conscription
35:42 Hoardings
34:47 Cavalier
36:34 Chemistry
35:55 Ballistics
37:48 Two-Man Saw
37:25 Wheelbarrow
36:35 Town Watch
39:24 Blast Furnace
38:55 Plate Mail Armor
41:46 Crenellations
42:49 Crop Rotation
42:23 Elite Teutonic Knight
47:26 Paladin
48:27 Paladin
51:36 Plate Mail Armor
51:27 Chain Barding Armor
51:02 Bodkin Arrow
51:23 Leather Archer Armor
55:45 Fortified Wall
61:43 Plate Barding Armor
Atlas
10:58 Feudal Age
12:28 Wheelbarrow
11:56 Loom
18:01 Castle Age
15:49 Loom
17:15 Horse Collar
17:23 Double-Bit Axe
21:31 Bow Saw
22:18 Heavy Plow
25:19 Hand Cart
25:16 Crossbowman
33:26 Imperial Age
30:51 Fletching
31:01 Padded Archer Armor
31:32 Royal Heirs
31:43 Thumb Ring
33:01 Caravan
33:51 Elite Shotel Warrior
34:39 Gold Mining
36:29 Chemistry
35:32 Onager
37:11 Siege Engineers
37:38 Forging
37:28 Scale Mail Armor
37:24 Bodkin Arrow
39:18 Torsion Engines
40:05 Siege Onager
41:52 Ballistics
41:30 Arbalester
55:18 Iron Casting
54:58 Chain Mail Armor
Trug Cobra
7:49 Loom
12:18 Feudal Age
12:41 Horse Collar
12:47 Double-Bit Axe
20:02 Gold Mining
23:14 Castle Age
24:19 Bow Saw
24:12 Heavy Plow
24:09 Stone Mining
24:08 Crossbowman
24:54 Thumb Ring
26:54 Wheelbarrow
29:05 Hand Cart
30:34 Fletching
30:44 Padded Archer Armor
30:35 Fletching
30:45 Padded Archer Armor
30:51 Scale Barding Armor
31:49 Bodkin Arrow
32:11 Leather Archer Armor
32:34 Elite Skirmisher
41:05 Imperial Age
42:21 Imperial Skirmisher
44:12 Stone Shaft Mining
43:43 Pikeman
44:24 Squires
44:09 Arson
46:35 Halberdier
47:50 Ballistics
48:40 Chemistry
49:49 Elite Battle Elephant
58:40 Paper Money
Hưng Hững Hờ
4:14 Loom
11:10 Feudal Age
12:33 Horse Collar
12:41 Double-Bit Axe
14:54 Wheelbarrow
22:51 Gold Mining
24:18 Man-at-Arms
35:42 Castle Age
37:17 Hand Cart
37:51 Stone Mining
42:08 Long Swordsman
42:09 Pikeman
44:44 Gold Shaft Mining
45:52 Heavy Plow
54:41 Imperial Age
Tào Mạnh Đức
1:33 Loom
10:57 Feudal Age
11:51 Double-Bit Axe
18:30 Castle Age
16:56 Stone Mining
17:16 Horse Collar
19:29 Bow Saw
20:53 Gold Mining
23:28 Wheelbarrow
24:17 Town Watch
25:49 Heavy Plow
30:35 Imperial Age
29:08 Hand Cart
29:48 Scale Barding Armor
29:54 Forging
30:30 Husbandry
31:26 Chain Barding Armor
31:33 Bloodlines
31:49 Conscription
32:56 Gold Shaft Mining
33:01 Crop Rotation
35:36 Masonry
36:29 Fortified Wall
36:59 Hoardings
35:58 Heavy Camel Rider
36:34 Fletching
38:08 Elite Chakram Thrower
40:36 Plate Barding Armor
40:36 Iron Casting
40:59 Frontier Guards
Connection lost

Rejoining the realm…

Still unreachable

The connection could not be restored.

Session expired

The server has moved on; the page needs a fresh start.